 Dungeon Crawl Stone Soup version 0.25-a0-670-g50981ef59b (webtiles) character file.

Game seed: 6410212605607813418, levelgen mode: deterministic

1873 Kohma the Slicer (level 9, 0/54 HPs)
             Began as a Kobold Berserker on Mar 29, 2020.
             Was an Elder of Trog.
             Succumbed to a worker ant's poison
             ... on level 7 of the Dungeon.
             The game lasted 00:15:29 (6006 turns).

Kohma the Slicer (Kobold Berserker)                 Turns: 6006, Time: 00:15:30

Health: 0/54       AC:  8    Str: 14    XL:     9   Next: 36%
Magic:  12/12      EV: 23    Int:  8    God:    Trog [****..]
Gold:   232        SH:  0    Dex: 18    Spells: 8/8 levels left

rFire    + . .     SeeInvis .   a - +7 falchion of Wyrd {holy, Stlth+}
rCold    . . .     Gourm    .   (shield restricted)
rNeg     . . .     Faith    .   b - +0 animal skin
rPois    .         Spirit   .   r - +0 helmet
rElec    .         Reflect  .   k - +0 cloak
rCorr    .         Harm     .   q - +2 pair of gloves
MR       .....                  I - +0 pair of boots
Stlth    +++++.....             h - amulet of regeneration
HPRegen  0.58/turn              f - +3 ring of evasion
MPRegen  0.13/turn              t - ring of protection from fire

@: lethally poisoned (0 -> 0), marked, berserk cooldown, hasted and slowed
A: small, carnivore
a: Berserk, Trog's Hand, Brothers in Arms, Renounce Religion


You were on level 7 of the Dungeon.
You worshipped Trog.
Trog was greatly pleased with you.
You were very full.

You visited 2 branches of the dungeon, and saw 8 of its levels.

You collected 232 gold pieces.

Inventory:

Hand Weapons
 a - the +7 falchion of Wyrd (weapon) {holy, Stlth+}
   (You found it on level 5 of the Dungeon)

   It has been blessed by the Shining One to cause great damage to the undead
   and demons.
   It makes you more stealthy.
 m - a +2 hand crossbow of freezing
 B - a +3 dagger of draining
 H - a +0 rapier
Missiles
 e - 9 stones
 g - a throwing net
 i - 18 poisoned darts (quivered)
 F - 29 bolts
Armour
 b - a +0 animal skin (worn)
 d - the +7 chain mail of Experimentation {rPois rCorr Str-4 Int+10, unknown}
   (You found it on level 6 of the Dungeon)

   It affects your strength (-4).
   It affects your intelligence (+10).
   It protects you from poison.
   It provides partial protection from all sources of acid and corrosion.
 k - a +0 cloak (worn)
 q - a +2 pair of gloves (worn)
 r - a +0 helmet (worn)
 I - a +0 pair of boots (worn)
Jewellery
 f - a +3 ring of evasion (left hand)
 h - an amulet of regeneration (around neck)
 t - a ring of protection from fire (right hand)
Wands
 s - a wand of paralysis (9)
 A - a wand of scattershot (5)
 C - a wand of disintegration (13)
Scrolls
 j - a scroll of holy word {unknown}
 l - 2 scrolls of remove curse
 u - 3 scrolls of immolation
 v - a scroll of fear
 y - 3 scrolls of fog
 G - 3 scrolls of identify
Potions
 n - 3 potions of flight
 o - a potion of might {unknown}
 p - 2 potions of heal wounds
 w - 5 potions of brilliance
 x - a potion of mutation
 z - 4 potions of curing
 D - a potion of haste
 E - a potion of stabbing
Comestibles
 c - 13 rations


   Skills:
 - Level 5.0 Fighting
 - Level 10.0 Short Blades
 - Level 1.5 Armour
 + Level 6.8 Dodging
 + Level 7.4 Stealth
 + Level 4.4 Evocations


You had 8 spell levels left.
You didn't know any spells.
Your spell library was empty.

Dungeon Overview and Level Annotations

Branches:
Dungeon (7/15)             Temple (1/1) D:5

Altars:
Ashenzari
Dithmenos
Elyvilon
Fedhas
Gozag
Hepliaklqana
Kikubaaqudgha
Makhleb
Nemelex Xobeh
Okawaru
Qazlal
Ru
Sif Muna
Trog
Uskayaw
Vehumet
Wu Jian
Xom
Yredelemnul
Zin
The Shining One

Annotations:
D:4 3 runed translucent doors, exclusion: 3 doors, demivan's ghost, amateur DrTm
D:7 Harold


Innate Abilities, Weirdness & Mutations

You are small and have problems with some larger weapons.
You are carnivorous and can eat meat at any time.


Message History

You hit Harold but do no damage.
Harold is heavily wounded.
Harold gestures at you while chanting. The mark upon you grows brighter.
You completely miss Harold.
Harold is heavily wounded.
You feel sick. Harold casts a spell at you. The mark upon you grows brighter.
Harold hits you with a +0 mace.
You feel yourself speed up. Harold misses you.
You hit Harold but do no damage.
Harold is heavily wounded.
Harold barely misses you.
You closely miss Harold.
Harold is heavily wounded.
Harold hits you with a +0 mace!!
* * * LOW HITPOINT WARNING * * *
You closely miss Harold.
Harold is heavily wounded.
You die...

#. #. #. #.
####.######
#####.K .$....#
#....#.##.....###
#...###@KK.......
#....#@##K...>###
##.##.###.)...#
#.##.# ###.###
#.##.# .# #.##.#
%. #.##.# ##
#.##.# #.##.#
##.##.#


You could see Harold, a big kobold and a kobold.

Vanquished Creatures
  Edmund (D:5)
  3 ice beasts
  A phantom (D:5)
  An ogre (D:5)
  2 centaurs (D:5)
  3 bullfrogs
  A scorpion (D:4)
  A crimson imp (D:6)
  3 orc priests
  2 hounds
  Crazy Yiuf (D:5)
  A centaur skeleton (D:5)
  A jelly (D:5)
  Jessica (D:3)
  A gnoll shaman (D:5)
  2 iguanas
  5 worker ants
  4 orc wizards
  A hound skeleton (D:6)
  Robin (D:2)
  A howler monkey zombie (D:6)
  10 gnolls
  7 adders
  An adder zombie (D:5)
  2 adder skeletons (D:7)
  2 worms
  A leopard gecko (D:5)
  18 orcs
  3 bats
  3 giant cockroaches
  13 goblins
  9 hobgoblins
  4 jackals (D:6)
  5 kobolds
  A quokka (D:5)
  2 ball pythons
  3 frilled lizards
  2 quokka skeletons (D:5)
  6 rats
129 creatures vanquished.

Notes
Turn   | Place    | Note
-------+----------+-------------------------------------------
     0 | D:1      | Kohma the Kobold Berserker began the quest for the Orb.
     0 | D:1      | Reached XP level 1. HP: 14/14 MP: 1/1
   537 | D:1      | Reached XP level 2. HP: 15/19 MP: 2/2
   552 | D:1      | Reached skill level 1 in Stealth
  1334 | D:2      | Reached XP level 3. HP: 11/23 MP: 3/3
  1401 | D:2      | Noticed Robin
  1419 | D:2      | Killed Robin
  1426 | D:2      | Reached XP level 4. HP: 27/29 MP: 4/4
  1434 | D:2      | Reached skill level 5 in Short Blades
  1462 | D:2      | Reached ** piety under Trog
  1721 | D:2      | Found a radiant altar of Vehumet.
  2012 | D:2      | Found a shimmering altar of Xom.
  2296 | D:3      | Reached XP level 5. HP: 33/33 MP: 5/5
  2470 | D:3      | Noticed Jessica
  2497 | D:3      | Killed Jessica
  2497 | D:3      | Reached skill level 6 in Short Blades
  2497 | D:3      | Reached XP level 6. HP: 38/38 MP: 6/6
  2550 | D:3      | Found an opulent altar of Gozag.
  2553 | D:3      | Found a blossoming altar of Fedhas.
  2737 | D:3      | Found a burning altar of Makhleb.
  3035 | D:4      | Found a blossoming altar of Fedhas.
  3190 | D:4      | Found an iron altar of Okawaru.
  3297 | D:4      | Reached XP level 7. HP: 44/44 MP: 7/7
  3379 | D:4      | Found a hide-covered altar of Uskayaw.
  3424 | D:4      | Reached *** piety under Trog
  3424 | D:4      | Reached skill level 7 in Short Blades
  3479 | D:4      | Found a runed translucent gate.
  3530 | D:4      | Found a runed translucent gate.
  3531 | D:4      | Found a runed translucent gate.
  3531 | D:4      | Noticed demivan's ghost (amateur DrTm)
  3971 | D:5      | Entered Level 5 of the Dungeon
  4051 | D:5      | Found a shimmering blue altar of Sif Muna.
  4100 | D:5      | Reached skill level 5 in Fighting
  4176 | D:5      | Noticed Edmund
  4192 | D:5      | Killed Edmund
  4192 | D:5      | Reached skill level 8 in Short Blades
  4192 | D:5      | Reached skill level 5 in Dodging
  4192 | D:5      | Reached skill level 5 in Stealth
  4192 | D:5      | Reached skill level 1 in Evocations
  4192 | D:5      | Reached XP level 8. HP: 49/49 MP: 8/8
  4340 | D:5      | Got a slimy falchion
  4407 | D:5      | Identified the +7 falchion of Wyrd {holy, Stlth+} (You
                  | found it on level 5 of the Dungeon)
  4485 | D:5      | Reached skill level 9 in Short Blades
  4627 | D:5      | Found a staircase to the Ecumenical Temple.
  4637 | Temple   | Entered the Ecumenical Temple
  5071 | D:5      | Found a runed translucent door.
  5072 | D:5      | Noticed Crazy Yiuf
  5077 | D:5      | Killed Crazy Yiuf
  5293 | D:6      | Reached XP level 9. HP: 50/54 MP: 11/11
  5337 | D:6      | Reached skill level 10 in Short Blades
  5453 | D:6      | Reached **** piety under Trog
  5462 | D:6      | Got a citrine-encrusted chain mail
  5976 | D:7      | Noticed Harold
  6005 | D:7      | HP: 1/54 [Harold/+0 mace (21)]
  6006 | D:7      | Succumbed to a worker ant's poison

Levels and vault maps discovered:
D:1:      dpeg_arrival_court, layout_loops_ring
D:2:      layout_basic, tgw_xom, nicolae_overflow_crystal_walls, first_ration,
          uniq_robin
D:3:      layout_loops_cross, grunt_temple_overflow_open,
          lightli_temple_of_fire, uniq_jessica
D:4:      layout_basic, okawaru_metal_pillars_1_2,
          eat_drink_and_be_merry_uskayaw, ebering_ghost_rock_garden,
          fedhas_altar_2
D:5:      layout_basic, lemuel_blue_sif_altar, minmay_temple_entry_poolview,
          small_statue_intersection, uniq_crazy_yiuf_cottage, uniq_edmund
D:6:      layout_loops_cross
D:7:      layout_loops_ring, uniq_harold
Temple:   nicolae_temple_figure_eight

Skill      XL: |  1  2  3  4  5  6  7  8  9 |
---------------+----------------------------+-----
Stealth        | 1 2 3 5 6 7 |  7.4
Dodging        | 3 4 5 6 |  6.8
Short Blades   | 5 6 8 9 10 | 10.0
Fighting       | 4 5 |  5.0
Evocations     | 1 3 4 |  4.4
Armour         | |  1.5

Action                   |  1- 3 |  4- 6 |  7- 9 || total
-------------------------+-------+-------+-------++-------
Melee: Dagger            |    96 |   258 |   248 ||   602
       Short sword       |    10 |       |       ||    10
       Falchion          |       |       |   113 ||   113
Throw: Dart              |       |    10 |       ||    10
Invok: Berserk           |     6 |     8 |     5 ||    19
       Trog's Hand       |       |     1 |       ||     1
  Use: Scroll            |       |    10 |     5 ||    15
       Potion            |       |       |     1 ||     1
 Stab: Sleeping          |       |     3 |    13 ||    16
       Distracted        |       |       |     1 ||     1
  Eat: Chunk             |    13 |    15 |    13 ||    41
Armor: Animal skin       |    10 |    30 |    31 ||    71
Dodge: Dodged            |    85 |   226 |   226 ||   537
       Rpst.: Falchion   |       |       |    41 ||    41

Table legend:
 A = Non-vault XP
 B = Vault XP
 C = Vault XP percentage of total XP
 D = Non-vault monster count
 E = Vault monster count
 F = Vault count percentage of total count
                 A         B        C        D         E       F
            +---------+---------+-------+---------+---------+-------
      Total |    2362 |     314 |  11.7 |     111 |      18 |  14.0
            +---------+---------+-------+---------+---------+-------
        D:1 |      24 |       0 |   0.0 |      15 |       0 |   0.0
        D:2 |      39 |      65 |  62.5 |       9 |      15 |  62.5
        D:3 |     173 |      37 |  17.6 |      19 |       1 |   5.0
        D:4 |     411 |       0 |   0.0 |      19 |       0 |   0.0
        D:5 |     965 |     212 |  18.0 |      22 |       2 |   8.3
        D:6 |     704 |       0 |   0.0 |      23 |       0 |   0.0
        D:7 |      46 |       0 |   0.0 |       4 |       0 |   0.0
            +---------+---------+-------+---------+---------+-------
